[Event "NOR-ch Various 2019"]
[Site "Larvik"]
[Date "2019.07.09"]
[Round "5.10"]
[White "Hansen, Roy Drange"]
[Black "Vaseng, Oyvind Hoem"]
[Result "1-0"]
[ECO "C78"]
[WhiteElo "1515"]
[BlackElo "1531"]
[Annotator "NA"]
[PlyCount "69"]
[EventDate "2019.07.06"]
[EventType "swiss"]
[EventCountry "NOR"]
[SourceTitle "playchess.com"]
[Source "ChessBase"]
[SourceQuality "1"]
[TimeControl "40/5400+30:1800+30"]

1. e4 e5 2. Nf3 Nc6 3. Bb5 a6 4. Ba4 Bc5 5. O-O d6 6. c3 b5 7. Bb3 Nf6 8. d3 O-O 9. Bg5 Be6 10. Nbd2 b4 11. Ba4 Bd7 12. Nc4 Re8 13. Bxc6 Bxc6 14. Na5 Bd7 15. Nb7 Qe7 16. Nxc5 dxc5 17. h3 bxc3 18. bxc3 Qd6 19. c4 Rab8 20. Rb1 h6 21. Bh4 Nh5 22. Bg3 Nxg3 23. fxg3 f5 24. Qc2 Qg6 25. Rxb8 Rxb8 26. Nxe5 Qe6 27. Nxd7 Qxd7 28. Rxf5 g6 29. Rd5 Qg7 30. e5 Qe7 31. Qf2 Rf8 32. Qe3 Qf7 33. Qe2 Qe7 34. Qg4 Qe8 35. Qd7 1-0

[Event "NOR-ch Various 2019"]
[Site "Larvik"]
[Date "2019.07.09"]
[Round "5.11"]
[White "Soderholm, Markus"]
[Black "Nordlov, Jorgen"]
[Result "0-1"]
[ECO "D85"]
[WhiteElo "1329"]
[BlackElo "1263"]
[Annotator "NA"]
[PlyCount "78"]
[EventDate "2019.07.06"]
[EventType "swiss"]
[EventCountry "NOR"]
[SourceTitle "playchess.com"]
[Source "ChessBase"]
[SourceQuality "1"]
[TimeControl "40/5400+30:1800+30"]

1. d4 Nf6 2. c4 g6 3. Nc3 d5 4. cxd5 Nxd5 5. e4 Nxc3 6. bxc3 Bg7 7. g3 c5 8. Bb5+ Nc6 9. Bxc6+ bxc6 10. Bb2 Qa5 11. Ne2 Bg4 12. O-O Rb8 13. Qc2 Qb5 14. f3 Bd7 15. Rab1 O-O 16. Ba1 Qc4 17. Rxb8 Rxb8 18. Rd1 Rd8 19. Kg2 Bc8 20. dxc5 Rxd1 21. Qxd1 Ba6 22. Nd4 Qxc5 23. Qb3 Qd6 24. Qa4 c5 25. Qe8+ Bf8 26. Nc6 Bb5 27. Nxe7+ Qxe7 28. Qxb5 Qd8 29. c4 Qd2+ 30. Kh3 Qd1 31. Qb2 Qf1+ 32. Kh4 Be7+ 33. Kg4 f6 34. f4 h5+ 35. Kh4 f5+ 36. Qf6 Bxf6+ 37. Bxf6 Qf3 38. Kg5 Qg4+ 39. Kh6 fxe4 0-1

[Event "NOR-ch Various 2019"]
[Site "Larvik"]
[Date "2019.07.09"]
[Round "5.12"]
[White "Skretteberg, Martin"]
[Black "Ratama, Sofie Kristine"]
[Result "0-1"]
[ECO "B56"]
[WhiteElo "1397"]
[BlackElo "1329"]
[Annotator "NA"]
[PlyCount "98"]
[EventDate "2019.07.06"]
[EventType "swiss"]
[EventCountry "NOR"]
[SourceTitle "playchess.com"]
[Source "ChessBase"]
[SourceQuality "1"]
[TimeControl "40/5400+30:1800+30"]

1. e4 c5 2. Nf3 d6 3. Nc3 Nc6 4. Bb5 Nf6 5. d4 cxd4 6. Nxd4 Bd7 7. O-O a6 8. Bc4 g6 9. Re1 Bg7 10. Be3 O-O 11. Qd2 Rc8 12. Be2 Qc7 13. h3 Rfd8 14. Nf3 Be8 15. Qc1 e6 16. Na4 Nd7 17. Nc3 Nf6 18. Rd1 Ne7 19. Bh6 d5 20. Bxg7 Kxg7 21. e5 Nd7 22. Qg5 Nc6 23. Re1 Ndxe5 24. Nxe5 Qxe5 25. Qxe5+ Nxe5 26. Bxa6 bxa6 27. Rxe5 d4 28. Ne4 Rxc2 29. b3 d3 30. Rc5 f5 31. Nc3 d2 32. Rd1 Rc1 33. Kf1 Bb5+ 34. Rxb5 axb5 35. Ke2 b4 36. Nb1 Rc2 37. Rxd2 Rdxd2+ 38. Nxd2 Rxa2 39. Kd3 Kf7 40. f4 Ke7 41. g4 fxg4 42. hxg4 Ra8 43. Nc4 Rd8+ 44. Ke4 h5 45. Ne5 Ke8 46. Nxg6 hxg4 47. Ne5 g3 48. Kf3 Rc8 49. Nc4 Rxc4 0-1

[Event "NOR-ch Various 2019"]
[Site "Larvik"]
[Date "2019.07.09"]
[Round "5.15"]
[White "Fossan, Petter"]
[Black "Boger, Raymond"]
[Result "1-0"]
[ECO "B06"]
[WhiteElo "2295"]
[BlackElo "1957"]
[Annotator "NA"]
[PlyCount "77"]
[EventDate "2019.07.06"]
[EventType "swiss"]
[EventCountry "NOR"]
[SourceTitle "playchess.com"]
[Source "ChessBase"]
[SourceQuality "1"]
[TimeControl "40/5400+30:1800+30"]

1. e4 g6 2. d4 Bg7 3. Nc3 d6 4. f4 Nc6 5. Be3 Nh6 6. Nf3 Bg4 7. Qd2 Bxf3 8. gxf3 e5 9. fxe5 dxe5 10. Bg5 exd4 11. Nd1 Ne5 12. Be2 Bf6 13. Bxf6 Qxf6 14. Qxh6 Nxf3+ 15. Bxf3 Qxf3 16. Nf2 f5 17. O-O O-O-O 18. Rae1 d3 19. Re3 Qh5 20. Qxh5 gxh5 21. cxd3 Rhg8+ 22. Rg3 fxe4 23. Nxe4 Rxg3+ 24. hxg3 Rxd3 25. Rf8+ Kd7 26. Nc5+ Ke7 27. Nxd3 Kxf8 28. Nc5 Ke7 29. Nxb7 Ke6 30. Kg2 Kf5 31. Kf3 Kg5 32. Na5 h4 33. gxh4+ Kxh4 34. Nc6 a6 35. b4 Kg5 36. Nb8 Kf5 37. Nxa6 Ke5 38. Nxc7 Kd6 39. Kg4 1-0

[Event "NOR-ch Various 2019"]
[Site "Larvik"]
[Date "2019.07.09"]
[Round "5.17"]
[White "Bruaset, Eivind"]
[Black "Heier, Odin Nikolai"]
[Result "1-0"]
[ECO "C29"]
[WhiteElo "2074"]
[BlackElo "1863"]
[Annotator "NA"]
[PlyCount "117"]
[EventDate "2019.07.06"]
[EventType "swiss"]
[EventCountry "NOR"]
[SourceTitle "playchess.com"]
[Source "ChessBase"]
[SourceQuality "1"]
[TimeControl "40/5400+30:1800+30"]

1. e4 e5 2. Nc3 Nf6 3. f4 d5 4. fxe5 Nxe4 5. Qf3 Nxc3 6. bxc3 c5 7. Bb5+ Nc6 8. Qg3 g6 9. Nf3 Bg7 10. O-O Qa5 11. a4 O-O 12. Ba3 Re8 13. Qf2 c4 14. Ng5 Be6 15. Nxe6 fxe6 16. Qf7+ Kh8 17. Qxb7 Rec8 18. Bd6 Qb6+ 19. Qxb6 axb6 20. Rf7 Nxe5 21. Rxg7 Nf3+ 22. gxf3 Kxg7 23. Re1 Kf6 24. Bd7 Rd8 25. Rxe6+ Kf5 26. Re7+ Rxd7 27. Rxd7 Ke6 28. Rxh7 Kxd6 29. Rg7 Rxa4 30. Rxg6+ Kc5 31. h4 Ra8 32. h5 Rh8 33. h6 b5 34. Kf2 d4 35. f4 dxc3 36. dxc3 Kd5 37. Kf3 Rh7 38. Kg4 Ke4 39. Re6+ Kd5 40. Re5+ Kd6 41. Rxb5 Rh8 42. Kh5 Ke7 43. Rb6 Kf7 44. f5 Rf8 45. Kg5 Kg8 46. Kg6 Kh8 47. Rb7 Rg8+ 48. Kf6 Rf8+ 49. Ke6 Rd8 50. f6 Rc8 51. f7 Rf8 52. Ke7 Ra8 53. Rd7 Rb8 54. Rd8+ Rxd8 55. Kxd8 Kh7 56. f8=Q Kg6 57. Qf4 Kh5 58. Qg3 Kxh6 59. Ke7 1-0

[Event "NOR-ch Various 2019"]
[Site "Larvik"]
[Date "2019.07.09"]
[Round "5.18"]
[White "Kjaras, Alf Marius"]
[Black "Nordquelle, Daniel"]
[Result "0-1"]
[ECO "A45"]
[WhiteElo "1860"]
[BlackElo "2181"]
[Annotator "NA"]
[PlyCount "142"]
[EventDate "2019.07.06"]
[EventType "swiss"]
[EventCountry "NOR"]
[SourceTitle "playchess.com"]
[Source "ChessBase"]
[SourceQuality "1"]
[TimeControl "40/5400+30:1800+30"]

1. d4 Nf6 2. Bf4 g6 3. e3 Bg7 4. Nc3 O-O 5. h4 d6 6. h5 Nxh5 7. Rxh5 gxh5 8. Qxh5 f5 9. Nf3 e6 10. Bc4 Qe8 11. Qh2 a6 12. O-O-O Nd7 13. Rh1 Nf6 14. Nh4 b5 15. Bb3 Qh5 16. f3 Bd7 17. Ne2 Nd5 18. Ng3 Qf7 19. Nhxf5 h5 20. Nh6+ Bxh6 21. Bxh6 Rfe8 22. Bxd5 exd5 23. Nxh5 Bf5 24. Nf4 Bh7 25. Nh5 Re6 26. Bg5 Qg6 27. Nf6+ Rxf6 28. Qxh7+ Qxh7 29. Rxh7 Kxh7 30. Bxf6 Kg6 31. Bh4 Rh8 32. g3 Rf8 33. f4 Kf5 34. Kd2 Ke4 35. Ke2 Rh8 36. b4 Ra8 37. Kd2 Rh8 38. Ke2 Rh5 39. Kd2 Kf3 40. Kd3 Kg4 41. Bd8 Rh7 42. Bh4 Rh8 43. e4 dxe4+ 44. Kxe4 Re8+ 45. Kd5 Re2 46. c3 Rc2 47. Kc6 Rxc3+ 48. Kb7 Rc4 49. a3 Rxd4 50. Kxa6 c6 51. Kb6 Rc4 52. Be7 d5 53. Bc5 Rc3 54. Bd4 Rc4 55. Bc5 Kf5 56. Kxc6 d4 57. Kxb5 d3 58. Kxc4 d2 59. b5 d1=Q 60. b6 Qa4+ 61. Kd5 Qd7+ 62. Bd6 Qb7+ 63. Kc5 Ke4 64. Be5 Qd5+ 65. Kb4 Qc6 66. Ka5 Kd5 67. Ka6 Kc5 68. Bd4+ Kxd4 69. Ka7 Qa4+ 70. Kb8 Kc5 71. b7 Kb6 0-1

[Event "NOR-ch Various 2019"]
[Site "Larvik"]
[Date "2019.07.09"]
[Round "5.19"]
[White "Nielsen, Andre"]
[Black "Opseth, Oliver"]
[Result "1-0"]
[ECO "B45"]
[WhiteElo "2229"]
[BlackElo "1714"]
[Annotator "NA"]
[PlyCount "61"]
[EventDate "2019.07.06"]
[EventType "swiss"]
[EventCountry "NOR"]
[SourceTitle "playchess.com"]
[Source "ChessBase"]
[SourceQuality "1"]
[TimeControl "40/5400+30:1800+30"]

1. e4 c5 2. Nf3 e6 3. d4 cxd4 4. Nxd4 Nc6 5. Nc3 Nge7 6. Ndb5 Ng6 7. Nd6+ Bxd6 8. Qxd6 Qe7 9. Qc7 O-O 10. Be3 b6 11. O-O-O Rb8 12. h4 b5 13. Bxb5 Bb7 14. Rxd7 Qf6 15. Bxc6 Rfc8 16. Qxb7 Rxb7 17. Bxb7 Rf8 18. Rhd1 Nxh4 19. g3 Nf3 20. Bxa7 Qg5+ 21. Be3 Qa5 22. Bf4 e5 23. Be3 Nd4 24. Bxd4 exd4 25. R1xd4 f5 26. Bd5+ Kh8 27. e5 Qb6 28. Bb3 Qh6+ 29. Kb1 Qh1+ 30. Rd1 Qf3 31. Rd8 1-0

[Event "NOR-ch Various 2019"]
[Site "Larvik"]
[Date "2019.07.09"]
[Round "5.20"]
[White "Sjoberg, Isak"]
[Black "Sebastian, Andreas"]
[Result "1-0"]
[ECO "C41"]
[WhiteElo "2182"]
[BlackElo "1911"]
[Annotator "NA"]
[PlyCount "69"]
[EventDate "2019.07.06"]
[EventType "swiss"]
[EventCountry "NOR"]
[SourceTitle "playchess.com"]
[Source "ChessBase"]
[SourceQuality "1"]
[TimeControl "40/5400+30:1800+30"]

1. e4 d6 2. d4 Nf6 3. Nc3 e5 4. Nf3 Nbd7 5. Bc4 Be7 6. O-O O-O 7. Re1 c6 8. a4 a5 9. h3 Qc7 10. b3 exd4 11. Nxd4 Re8 12. Nf5 Bf8 13. Bg5 h6 14. Bh4 g6 15. Ne3 Nxe4 16. Bxf7+ Kxf7 17. Nxe4 Ne5 18. f4 Nd7 19. Nf5 d5 20. Ned6+ Bxd6 21. Nxh6+ Kg7 22. Rxe8 Bc5+ 23. Kh1 Qxf4 24. Ng4 g5 25. Qe2 Nf8 26. Rxc8 Rxc8 27. Rf1 Re8 28. Qd3 Qe4 29. Nf6 Qxd3 30. Nxe8+ Kg6 31. Rf6+ Kh5 32. Ng7+ Kxh4 33. cxd3 Nd7 34. Nf5+ Kh5 35. g4# 1-0

[Event "NOR-ch Various 2019"]
[Site "Larvik"]
[Date "2019.07.09"]
[Round "5.21"]
[White "Melaa, Sondre"]
[Black "Kizatbay, Abyl"]
[Result "1-0"]
[ECO "D76"]
[WhiteElo "2118"]
[BlackElo "2216"]
[Annotator "NA"]
[PlyCount "105"]
[EventDate "2019.07.06"]
[EventType "swiss"]
[EventCountry "NOR"]
[SourceTitle "playchess.com"]
[Source "ChessBase"]
[SourceQuality "1"]
[TimeControl "40/5400+30:1800+30"]

1. d4 Nf6 2. c4 g6 3. g3 Bg7 4. Bg2 d5 5. cxd5 Nxd5 6. Nf3 O-O 7. O-O Nc6 8. e3 Re8 9. Nc3 Nb6 10. Nh4 e5 11. d5 Na5 12. Rb1 e4 13. Nxe4 Nxd5 14. b3 f5 15. Qxd5+ Qxd5 16. Nf6+ Bxf6 17. Bxd5+ Be6 18. Bxe6+ Rxe6 19. Nf3 Rd8 20. Bb2 Kf7 21. Rfc1 Rc6 22. Bxf6 Kxf6 23. Nd4 Rxc1+ 24. Rxc1 Rd7 25. b4 Nc6 26. Nxc6 bxc6 27. Rxc6+ Ke5 28. Ra6 Ke4 29. Kg2 g5 30. Rxa7 f4 31. exf4 gxf4 32. Ra3 Rd2 33. Rf3 fxg3 34. hxg3 Rxa2 35. Rf7 Ra7 36. Rxh7 Kd5 37. Rh4 Ra4 38. Rf4 Ke5 39. Rc4 Kd6 40. g4 c6 41. f3 Kd5 42. Re4 Ra7 43. Kg3 Rf7 44. g5 Rg7 45. Kg4 Rg8 46. Rf4 Ke5 47. Rf5+ Kd4 48. Rc5 Rb8 49. Rxc6 Rxb4 50. Re6 Kd5+ 51. Re4 Rb1 52. Re2 Rg1+ 53. Kf5 1-0

[Event "NOR-ch Various 2019"]
[Site "Larvik"]
[Date "2019.07.09"]
[Round "5.22"]
[White "Tunsjo, Axel"]
[Black "Austad, Eirik"]
[Result "1/2-1/2"]
[ECO "B11"]
[WhiteElo "2039"]
[BlackElo "1741"]
[Annotator "NA"]
[PlyCount "103"]
[EventDate "2019.07.06"]
[EventType "swiss"]
[EventCountry "NOR"]
[SourceTitle "playchess.com"]
[Source "ChessBase"]
[SourceQuality "1"]
[TimeControl "40/5400+30:1800+30"]

1. e4 c6 2. Nc3 d5 3. Nf3 Bg4 4. h3 Bxf3 5. Qxf3 e6 6. g4 dxe4 7. Nxe4 Nd7 8. g5 Nc5 9. Ng3 Qd5 10. Qxd5 exd5 11. d4 Ne6 12. c3 g6 13. Bd3 O-O-O 14. O-O h6 15. gxh6 Nxh6 16. f4 f5 17. Bd2 Nf7 18. Kg2 Nd6 19. Rae1 Ne4 20. Bxe4 dxe4 21. Be3 Be7 22. Rd1 Bf6 23. Ne2 Rd7 24. Rd2 Rhd8 25. Rfd1 Nc7 26. c4 Kb8 27. Nc3 Bg7 28. Kh2 Bf6 29. a3 Ka8 30. a4 b6 31. Na2 Kb7 32. Nb4 Be7 33. Nc2 Bf6 34. b3 Rh7 35. Rg2 Rg7 36. b4 a6 37. Rg3 b5 38. axb5 axb5 39. Rdg1 Rdg8 40. Na3 bxc4 41. Nxc4 Nd5 42. Ne5 g5 43. fxg5 Bxe5 44. dxe5 Nxe3 45. Rxe3 Rxg5 46. Rxg5 Rxg5 47. Rg3 Rh5 48. Rg7+ Kb6 49. Rf7 f4 50. Rxf4 Rxe5 51. Kg2 Kb5 52. Rf6 1/2-1/2

[Event "NOR-ch Various 2019"]
[Site "Larvik"]
[Date "2019.07.09"]
[Round "5.23"]
[White "Ihlen, Sivert"]
[Black "Evenshaug, Amadeus Hestvik"]
[Result "1/2-1/2"]
[ECO "B12"]
[WhiteElo "1580"]
[BlackElo "1769"]
[Annotator "NA"]
[PlyCount "229"]
[EventDate "2019.07.06"]
[EventType "swiss"]
[EventCountry "NOR"]
[SourceTitle "playchess.com"]
[Source "ChessBase"]
[SourceQuality "1"]
[TimeControl "40/5400+30:1800+30"]

1. e4 c6 2. d4 d5 3. e5 Bf5 4. Nd2 e6 5. Nb3 Nd7 6. Nf3 c5 7. dxc5 Nxc5 8. Nxc5 Bxc5 9. Bb5+ Kf8 10. O-O a6 11. Be2 Ne7 12. Bg5 h6 13. Bh4 Qc7 14. c3 Nc6 15. Bg3 Qb6 16. Qd2 Rc8 17. Rfe1 Kg8 18. a3 Kh7 19. Rad1 Rhd8 20. Nd4 Nxd4 21. cxd4 Be7 22. Rc1 Qb3 23. Bd1 Qb5 24. Re3 Rxc1 25. Qxc1 Qc4 26. Qd2 Qb5 27. Rc3 Rd7 28. Qc1 Qb6 29. Qd2 Qb5 30. Bf4 Qb6 31. Be3 Rc7 32. Qc1 Rxc3 33. Qxc3 Bd8 34. Bd2 Qc7 35. Qxc7 Bxc7 36. Bb4 f6 37. f4 Kg6 38. Ba4 b5 39. Bd1 Be4 40. Kf2 f5 41. g3 Kf7 42. Ke2 g6 43. a4 bxa4 44. Bxa4 a5 45. Bc5 g5 46. Kd2 gxf4 47. gxf4 Bd8 48. Bd1 Kg6 49. Bf8 Bc7 50. Be7 Bb6 51. Ke3 Bb1 52. Ba4 Kf7 53. Bc5 Bd8 54. Kd2 Be4 55. Ke3 Bb1 56. Kf3 Bd3 57. b3 Bb1 58. Ke3 Be4 59. Kd2 Bg2 60. Bb5 Be4 61. Be2 Kg6 62. Kc1 Bg2 63. Kb2 Be4 64. Bd1 Bd3 65. Ka3 Bb5 66. b4 axb4+ 67. Kxb4 Bc4 68. Bf8 Bb6 69. Bc5 Bd8 70. Ba4 Kf7 71. Ba7 Be7+ 72. Ka5 Bd8+ 73. Bb6 Be7 74. Bc7 Ba3 75. Kb6 Bc1 76. Kc6 Bxf4 77. Kd6 Bxh2 78. Bd7 f4 79. Bxe6+ Kf8 80. Bg4 Bb3 81. Kd7 Ba4+ 82. Kd8 Bg3 83. Bd6+ Kg7 84. Bh5 Bh4+ 85. Be7 Bf2 86. Bf6+ Kh7 87. e6 Be1 88. Ke7 Kg8 89. Bf7+ Kh7 90. Kf8 f3 91. Bh5 f2 92. Be2 Kg6 93. Bh4 f1=Q+ 94. Bxf1 Bxh4 95. e7 Bxe7+ 96. Kxe7 Kf5 97. Bg2 Bb3 98. Bf3 Kf4 99. Bh5 Ke4 100. Kf6 Kxd4 101. Kg7 Ke3 102. Kxh6 d4 103. Kg5 d3 104. Kf5 d2 105. Ke5 Bc4 106. Bd1 Kf2 107. Kd4 Ke1 108. Ba4 Be2 109. Ke3 Bd1 110. Be8 Be2 111. Ba4 Bb5 112. Bb3 Bc4 113. Ba4 Bb5 114. Bb3 Bc4 115. Ba4 1/2-1/2

[Event "NOR-ch Various 2019"]
[Site "Larvik"]
[Date "2019.07.09"]
[Round "5.24"]
[White "Helliesen, Lykke-Merlot"]
[Black "Brattgjerd, Isak Vinh"]
[Result "1/2-1/2"]
[ECO "D35"]
[WhiteElo "1505"]
[BlackElo "1571"]
[Annotator "NA"]
[PlyCount "74"]
[EventDate "2019.07.06"]
[EventType "swiss"]
[EventCountry "NOR"]
[SourceTitle "playchess.com"]
[Source "ChessBase"]
[SourceQuality "1"]
[TimeControl "40/5400+30:1800+30"]

1. d4 Nf6 2. c4 e6 3. Nc3 d5 4. cxd5 exd5 5. Bg5 Be7 6. Nf3 h6 7. Bh4 Bf5 8. Qb3 Nbd7 9. Bxf6 Nxf6 10. Qxb7 Rb8 11. Qxa7 Rxb2 12. a3 O-O 13. e3 Rb3 14. Nb5 c6 15. Ne5 cxb5 16. Nc6 Qd7 17. Nxe7+ Kh8 18. Qc5 Rb8 19. Be2 Re8 20. Nxf5 Qxf5 21. O-O Ne4 22. Qc2 Rc3 23. Qb1 Ra8 24. f3 Nd6 25. Qxf5 Nxf5 26. Bxb5 Rcxa3 27. Rxa3 Rxa3 28. e4 Nxd4 29. Be8 dxe4 30. fxe4 f6 31. Bg6 Ne2+ 32. Kh1 Nf4 33. Bf5 Nd3 34. h3 Ne5 35. Rc1 Ra8 36. Kh2 Kg8 37. Rc7 Rb8 1/2-1/2

[Event "NOR-ch Various 2019"]
[Site "Larvik"]
[Date "2019.07.09"]
[Round "5.25"]
[White "Strand, Vetle Bjorge"]
[Black "Torfoss, Sivert Schanche"]
[Result "1-0"]
[ECO "D02"]
[WhiteElo "1765"]
[BlackElo "1179"]
[Annotator "NA"]
[PlyCount "46"]
[EventDate "2019.07.06"]
[EventType "swiss"]
[EventCountry "NOR"]
[SourceTitle "playchess.com"]
[Source "ChessBase"]
[SourceQuality "1"]
[TimeControl "40/5400+30:1800+30"]

1. d4 d5 2. c4 c6 3. Nc3 Nf6 4. Bf4 Bf5 5. Nf3 e6 6. e3 Ne4 7. Qb3 Qb6 8. c5 Qxb3 9. axb3 Nd7 10. b4 Be7 11. Be2 O-O 12. O-O b5 13. Ra6 Rfc8 14. Rfa1 Ndf6 15. Rxa7 Rxa7 16. Rxa7 Bd8 17. Ne5 h6 18. Nxf7 g5 19. Nxh6+ Kf8 20. Nxe4 Nxe4 21. Bd6+ Nxd6 22. cxd6 Bf6 23. Rf7+ Ke8 1-0

[Event "NOR-ch Various 2019"]
[Site "Larvik"]
[Date "2019.07.09"]
[Round "5.26"]
[White "Tenold, Andreas"]
[Black "Schouten, Mathias Lind"]
[Result "0-1"]
[ECO "C10"]
[WhiteElo "1813"]
[BlackElo "1961"]
[Annotator "NA"]
[PlyCount "54"]
[EventDate "2019.07.06"]
[EventType "swiss"]
[EventCountry "NOR"]
[SourceTitle "playchess.com"]
[Source "ChessBase"]
[SourceQuality "1"]
[TimeControl "40/5400+30:1800+30"]

1. e4 e6 2. d4 d5 3. Nd2 dxe4 4. Nxe4 Nd7 5. Nf3 Ngf6 6. Ng3 c5 7. dxc5 Bxc5 8. Bd3 O-O 9. O-O a6 10. Qe2 Qc7 11. c4 b6 12. Bd2 Bb7 13. Bc3 Rac8 14. Rac1 Rfd8 15. b4 Be7 16. a3 Bxf3 17. Qxf3 Ne5 18. Bxe5 Qxe5 19. Rfe1 Qc7 20. Qe3 a5 21. bxa5 bxa5 22. Ne4 Ng4 23. Qh3 f5 24. Nc3 Qf4 25. Rc2 Bc5 26. Nd1 e5 27. Rf1 Rxd3 0-1

[Event "NOR-ch Various 2019"]
[Site "Larvik"]
[Date "2019.07.09"]
[Round "5.27"]
[White "Modell, Brage"]
[Black "Grave, Jacob Templen"]
[Result "1/2-1/2"]
[ECO "E42"]
[WhiteElo "1761"]
[BlackElo "1800"]
[Annotator "NA"]
[PlyCount "72"]
[EventDate "2019.07.06"]
[EventType "swiss"]
[EventCountry "NOR"]
[SourceTitle "playchess.com"]
[Source "ChessBase"]
[SourceQuality "1"]
[TimeControl "40/5400+30:1800+30"]

1. d4 Nf6 2. c4 e6 3. Nc3 Bb4 4. e3 b6 5. Nge2 c5 6. a3 Ba5 7. Rb1 Qe7 8. Bd2 Bb7 9. Nf4 O-O 10. Be2 d5 11. cxd5 exd5 12. O-O cxd4 13. exd4 Bxc3 14. Bxc3 Nc6 15. Bf3 Qd6 16. Ne2 Rfe8 17. Ng3 Ne4 18. Qd3 Nxc3 19. Qxc3 Rac8 20. Bg4 Rc7 21. Rfe1 Rxe1+ 22. Rxe1 g6 23. Re8+ Kg7 24. Qe3 Qf6 25. Ne2 Ba6 26. Qg3 Re7 27. Rxe7 Qxe7 28. Qe3 Qh4 29. Bd7 Na5 30. Qe5+ Qf6 31. Qxf6+ Kxf6 32. Nc3 Ke7 33. b4 Kxd7 34. bxa5 Bc4 35. axb6 axb6 36. f4 Kc6 1/2-1/2

[Event "NOR-ch Various 2019"]
[Site "Larvik"]
[Date "2019.07.09"]
[Round "5.28"]
[White "Brodtkorb, Lars Johan"]
[Black "Andersen, Lars Even"]
[Result "1-0"]
[ECO "E33"]
[WhiteElo "2077"]
[BlackElo "2314"]
[Annotator "NA"]
[PlyCount "149"]
[EventDate "2019.07.06"]
[EventType "swiss"]
[EventCountry "NOR"]
[SourceTitle "playchess.com"]
[Source "ChessBase"]
[SourceQuality "1"]
[TimeControl "40/5400+30:1800+30"]

1. d4 Nf6 2. c4 Nc6 3. Nf3 e6 4. Nc3 Bb4 5. Qc2 O-O 6. e3 Re8 7. Bd2 e5 8. d5 Nb8 9. e4 d6 10. g3 a5 11. Nh4 Na6 12. f3 Nc5 13. Ng2 Kh8 14. g4 Nfd7 15. Be2 Nf8 16. h4 Qe7 17. Bg5 f6 18. Bd2 Bd7 19. h5 Kg8 20. Ne3 h6 21. Nf1 Nh7 22. Ng3 Ng5 23. Kf1 Bxc3 24. Bxc3 b6 25. Kg2 Ra7 26. b3 Rea8 27. Bd2 Re8 28. Be3 Rea8 29. Rhc1 Qf8 30. Rab1 Qb8 31. Qd1 Qe8 32. Bf2 Qd8 33. Qg1 Qe8 34. Qe1 Qc8 35. Qd1 Qe8 36. Nf1 Qc8 37. Nd2 Qe8 38. Rc3 Kf8 39. a3 g6 40. hxg6 Qxg6 41. Qh1 Ke7 42. b4 axb4 43. axb4 Ra2 44. Be3 Na4 45. Rcb3 Rh8 46. Kf2 Rh7 47. f4 exf4 48. Bxf4 Nf7 49. Rg3 Ne5 50. Qd1 Rb2 51. Rxb2 Nxb2 52. Qb3 Na4 53. Qc2 Rh8 54. Nb3 Ra8 55. Nd4 Qe8 56. Bxh6 Nf7 57. Bf4 Kd8 58. Rh3 Ng5 59. Bxg5 fxg5 60. e5 Qxe5 61. Nc6+ Bxc6 62. dxc6 b5 63. Qg6 Qf4+ 64. Kg2 Qf8 65. Rf3 Qe8 66. Qxg5+ Kc8 67. Re3 Qf8 68. Qg7 Qd8 69. Qf7 Kb8 70. Re8 Qxe8 71. Qxe8+ Ka7 72. Qe3+ Nb6 73. c5 dxc5 74. bxc5 Nd5 75. Qf3 1-0

[Event "NOR-ch Various 2019"]
[Site "Larvik"]
[Date "2019.07.09"]
[Round "5.29"]
[White "Hobber, Anders"]
[Black "Huse, Sigurd Kjelsbol"]
[Result "1-0"]
[ECO "D02"]
[WhiteElo "2294"]
[BlackElo "2122"]
[Annotator "NA"]
[PlyCount "43"]
[EventDate "2019.07.06"]
[EventType "swiss"]
[EventCountry "NOR"]
[SourceTitle "playchess.com"]
[Source "ChessBase"]
[SourceQuality "1"]
[TimeControl "40/5400+30:1800+30"]

1. d4 d5 2. Bf4 Nf6 3. e3 c5 4. c3 e6 5. Nd2 Nbd7 6. Bd3 Be7 7. Ngf3 O-O 8. Ne5 Qb6 9. Rb1 Bd6 10. Bg3 Qc7 11. f4 b6 12. O-O Bb7 13. Qf3 c4 14. Bc2 b5 15. Bh4 Qa5 16. Qh3 g6 17. Ndf3 Qc7 18. Ng5 h6 19. Nxe6 fxe6 20. Qxe6+ Kg7 21. Nxd7 Rae8 22. Bxf6+ 1-0

[Event "NOR-ch Various 2019"]
[Site "Larvik"]
[Date "2019.07.09"]
[Round "5.30"]
[White "Thanke, Bror"]
[Black "Hole, Oystein"]
[Result "0-1"]
[ECO "B12"]
[WhiteElo "2191"]
[BlackElo "2293"]
[Annotator "NA"]
[PlyCount "80"]
[EventDate "2019.07.06"]
[EventType "swiss"]
[EventCountry "NOR"]
[SourceTitle "playchess.com"]
[Source "ChessBase"]
[SourceQuality "1"]
[TimeControl "40/5400+30:1800+30"]

1. e4 c6 2. d4 d5 3. e5 c5 4. dxc5 e6 5. Be3 Nh6 6. Bd3 Nc6 7. Nf3 Ng4 8. Bf4 Bxc5 9. O-O Qb6 10. Qe2 Qxb2 11. Nbd2 Nxf2 12. Be3 Nxd3 13. cxd3 Qb6 14. Bxc5 Qxc5+ 15. Kh1 O-O 16. Nb3 Qe7 17. Rac1 Bd7 18. Qe3 b6 19. Rf2 Rac8 20. Rcf1 f5 21. exf6 Rxf6 22. Re1 e5 23. h3 Re8 24. Rfe2 Qf7 25. Nbd2 Rf4 26. Qg1 Qf6 27. Qh2 g5 28. Qg3 h6 29. Re3 Bf5 30. R1e2 d4 31. Re4 Qg7 32. Qe1 Bxe4 33. Nxe4 Ref8 34. Ned2 Qg6 35. Qb1 Qf5 36. Qb5 e4 37. Qc4+ Qf7 38. Qxc6 exf3 39. gxf3 Rxf3 40. Qxh6 Rf1+ 0-1

[Event "NOR-ch Various 2019"]
[Site "Larvik"]
[Date "2019.07.09"]
[Round "5.31"]
[White "Shehzad, Shazil"]
[Black "Lund, Gunnar"]
[Result "1/2-1/2"]
[ECO "B56"]
[WhiteElo "2088"]
[BlackElo "2285"]
[Annotator "NA"]
[PlyCount "48"]
[EventDate "2019.07.06"]
[EventType "swiss"]
[EventCountry "NOR"]
[SourceTitle "playchess.com"]
[Source "ChessBase"]
[SourceQuality "1"]
[TimeControl "40/5400+30:1800+30"]

1. e4 c5 2. Nf3 d6 3. d4 cxd4 4. Nxd4 Nf6 5. Nc3 e5 6. Bb5+ Bd7 7. Bxd7+ Qxd7 8. Nf5 Nxe4 9. Nxe4 Qxf5 10. Nxd6+ Bxd6 11. Qxd6 Nc6 12. O-O Qd7 13. Qxd7+ Kxd7 14. Be3 Rad8 15. c3 Ke6 16. Rad1 b6 17. f3 f5 18. Rfe1 Rxd1 19. Rxd1 f4 20. Bf2 g5 21. c4 Rd8 22. Rxd8 Nxd8 23. Kf1 e4 24. Bd4 e3 1/2-1/2

[Event "NOR-ch Various 2019"]
[Site "Larvik"]
[Date "2019.07.09"]
[Round "5.32"]
[White "Skotheim, Andreas"]
[Black "Abdrlauf, Elham"]
[Result "1/2-1/2"]
[ECO "D26"]
[WhiteElo "2138"]
[BlackElo "2235"]
[Annotator "NA"]
[PlyCount "90"]
[EventDate "2019.07.06"]
[EventType "swiss"]
[EventCountry "NOR"]
[SourceTitle "playchess.com"]
[Source "ChessBase"]
[SourceQuality "1"]
[TimeControl "40/5400+30:1800+30"]

1. d4 d5 2. c4 dxc4 3. Nf3 Nf6 4. e3 e6 5. Bxc4 c5 6. Nc3 Be7 7. O-O O-O 8. Qe2 a6 9. dxc5 Bxc5 10. e4 b5 11. Bb3 b4 12. e5 bxc3 13. exf6 Qxf6 14. Bg5 Qg6 15. Bc2 Qh5 16. bxc3 Bb7 17. Rab1 Ra7 18. Be4 Bxe4 19. Qxe4 Rc7 20. Bf4 Rcc8 21. Rfd1 Nc6 22. h3 h6 23. Qa4 Qf5 24. Bg3 Ne7 25. c4 Qe4 26. Nd2 Qc6 27. Qxc6 Rxc6 28. Ne4 Nf5 29. Nxc5 Nxg3 30. Nd7 Ne2+ 31. Kf1 Nc3 32. Nxf8 Nxb1 33. Nxe6 fxe6 34. Rxb1 Rxc4 35. Rb6 Rc1+ 36. Ke2 Rc2+ 37. Ke3 Rxa2 38. Rxe6 a5 39. Ra6 a4 40. h4 a3 41. h5 Kf7 42. g4 Ra1 43. Kf4 a2 44. Kf3 Ke7 45. Kg2 Kf7 1/2-1/2